[Event "*** Titled Tuesday Blitz"]
[Site "Chess.com"]
[Date "2019.02.05"]
[Round "8"]
[White "Redbandit87"]
[Black "Caterpiller35"]
[Result "1-0"]
[WhiteElo "2390"]
[BlackElo "2234"]
[TimeControl "180+2"]
[EndTime "14:55:20 PST"]
[Termination "Redbandit87 won by resignation"]

1. d4 Nf6 2. Bf4 c5 3. e3 d5 4. c3 Nc6 5. Nd2 e6 6. Bd3 Bd6 7. Bxd6 Qxd6 8. f4 cxd4 9. cxd4 Nb4 10. Bb1 Qa6 11. Qb3 Nc6 12. Bd3 Qa5 13. Nf3 Ne4 14.
Bxe4 dxe4 15. Ng5 O-O 16. Nxe4 b6 17. O-O f5 18. Nc4 Qd5 19. Nc3 Qd8 20. Rad1 Bb7 21. Ne5 Nxe5 22. dxe5 Qe8 23. Rd6 Kh8 24. Qxe6 Qh5 25.
Qe7 Ba6 26. Rd7 Qg4 27. Rf3 Rae8 28. Qd6 Rc8 29. e6 Qh4 30. Rg3 1-0

[Event "*** Titled Tuesday Blitz"]
[Site "Chess.com"]
[Date "2019.02.05"]
[Round "8"]
[White "Nathan_Filgueiras"]
[Black "saraswathii"]
[Result "1-0"]
[WhiteElo "2285"]
[BlackElo "2259"]
[TimeControl "180+2"]
[EndTime "14:55:36 PST"]
[Termination "Nathan_Filgueiras won by resignation"]

1. e4 c5 2. Nf3 e6 3. d4 cxd4 4. Nxd4 Nf6 5. Nc3 Nc6 6. Be3 Bb4 7. Nxc6 bxc6 8. e5 Nd5 9. Bd2 Nxc3 10. bxc3 Bc5 11.
Qg4 Kf8 12. Bd3 d6 13. exd6 Qxd6 14. O-O e5 15. Qe2 Bd7 16. Rad1 Re8 17. Be3 Bxe3 18. Qxe3 Qe7 19. Qxa7 Be6 20. Qa6 Qc5 21. Be4 Qxc3 22. Bxc6 Rc8 23. Bb7 Re8 24. Qd6+ Kg8 25. Qe7 1-0

[Event "*** Titled Tuesday Blitz"]
[Site "Chess.com"]
[Date "2019.02.05"]
[Round "8"]
[White "Naruto-K"]
[Black "AndrBaryshpolets"]
[Result "0-1"]
[WhiteElo "2361"]
[BlackElo "2626"]
[TimeControl "180+2"]
[EndTime "14:55:37 PST"]
[Termination "AndrBaryshpolets won by resignation"]

1. d4 d5 2. Bf4 c5 3. e3 Nc6 4.
c3 Nf6 5. Nd2 Bf5 6. Qb3 Qd7 7.
Ngf3 c4 8. Qd1 e6 9. Nh4 a6 10.
Nxf5 exf5 11. a4 Rc8 12. b3 Na5 13. bxc4 dxc4 14. Qb1 Nd5 15. Bg3 Nxc3 16. Qb6 Nd5 17. Qxa5 Bb4 18. Qxb4 Nxb4 19. Rc1 b5 20. Be2 O-O 21.
O-O Nd5 22. Nf3 f6 23. Nd2 Rfe8 24. Bf3 Nb4 25. Rc3 Nd3 26. h3 f4 27. Bh2 fxe3 28.
fxe3 Rxe3 29. Bg4 Qxd4 30. Rxd3 Rxd3+ 0-1

[Event "*** Titled Tuesday Blitz"]
[Site "Chess.com"]
[Date "2019.02.05"]
[Round "8"]
[White "Thefirstchess"]
[Black "Andrew-FB00"]
[Result "0-1"]
[WhiteElo "1953"]
[BlackElo "1889"]
[TimeControl "180+2"]
[EndTime "14:55:40 PST"]
[Termination "Andrew-FB00 won on time"]

1. c4 Nf6 2. Nc3 e6 3. e4 e5 4. g3 c6 5. Bg2 Bb4 6. Nge2 O-O 7. O-O d6 8. a3 Bxc3 9. Nxc3 Be6 10. d3 d5 11. cxd5 cxd5 12. f4 exf4 13. Bxf4 dxe4 14. Nxe4 Nxe4 15. Bxe4 Bd5 16. Qf3 Bxe4 17.
Qxe4 Qb6+ 18. Kh1 Qxb2 19. Rab1 Qxa3 20. Rxb7 Na6 21. Bc1 Qd6 22. Qg2 Qxd3 23. Rbxf7 Nc7 0-1

[Event "*** Titled Tuesday Blitz"]
[Site "Chess.com"]
[Date "2019.02.05"]
[Round "8"]
[White "Agent-JL"]
[Black "Ekko_li"]
[Result "0-1"]
[WhiteElo "2249"]
[BlackElo "2472"]
[TimeControl "180+2"]
[EndTime "14:55:44 PST"]
[Termination "Ekko_li won by resignation"]

1. e4 d6 2. Nf3 Nf6 3. Nc3 g6 4.
Bc4 Bg7 5. O-O O-O 6. Re1 c6 7. d4 Bg4 8. h3 Bxf3 9. Qxf3 e5 10. Be3 Qc7 11. Rad1 b5 12. Bb3 Nbd7 13. d5 b4 14.
Nb1 c5 15. Nd2 Nb6 16. c4 a5 17. Bc2 a4 18. Bd3 Nh5 19. g4 Nf4 20. Bxf4 exf4 21. Qxf4 Bxb2 22. Nf3 Nd7 23. Re2 Bg7 24. h4 a3 25. Nd2 Ne5 26. Nb3 Qd7 27. f3 Rae8 28. Qe3 f5 29. gxf5 gxf5 30. Rg2 f4 31. Qf2 Qh3 32. Nd2 Kh8 33. Nf1 Bf6 34. Nh2 Bxh4 35. Qf1 Bg3 36. Be2 Rg8 37. Kh1 Rg6 38. Rf2 Qh4 39. Rg2 Reg8 40. Qg1 Rg5 0-1

[Event "*** Titled Tuesday Blitz"]
[Site "Chess.com"]
[Date "2019.02.05"]
[Round "8"]
[White "goodluck06"]
[Black "Keaton87"]
[Result "0-1"]
[WhiteElo "2465"]
[BlackElo "2543"]
[TimeControl "180+2"]
[EndTime "14:55:46 PST"]
[Termination "Keaton87 won by resignation"]

1. Nf3 d5 2. g3 Nf6 3. Bg2 Bf5 4. O-O e6 5. b3 Be7 6. Bb2 O-O 7. d3 h6 8. c4 c6 9. Nbd2 Nbd7 10. cxd5 exd5 11.
Nd4 Bg6 12. Bh3 a5 13. a4 Nc5 14. N2f3 Nfd7 15. Rc1 Bf6 16. Ba3 Be7 17. Bb2 Bf6 18.
Ba3 Be7 19. Qc2 Na6 20. Bb2 Nb4 21. Qb1 Bf6 22. Rfe1 Re8 23. Bc3 Ne5 24. Nxe5 Bxe5 25. Qa1 Bf6 26. Bf1 Qb6 27. Nf3 Bxc3 28. Rxc3 Re7 29. Rcc1 Rae8 30. Nd4 Qc7 31. Red1 Qd6 32. e3 h5 33. h4 Qf6 34. Qb2 b6 35. Qd2 c5 36.
Nb5 d4 37. e4 Qe6 38. Qb2 f5 39. exf5 Bxf5 40. Na3 Bh3 41. Bxh3 Qxh3 42. Nc4 Re2 43. Rd2 Re1+ 0-1

[Event "*** Titled Tuesday Blitz"]
[Site "Chess.com"]
[Date "2019.02.05"]
[Round "8"]
[White "FrankieJay"]
[Black "Abund"]
[Result "0-1"]
[WhiteElo "2386"]
[BlackElo "2547"]
[TimeControl "180+2"]
[EndTime "14:55:53 PST"]
[Termination "Abund won on time"]

1. e4 c5 2. Nf3 Nc6 3. d4 cxd4 4.
Nxd4 Nf6 5. Nc3 e5 6. Ndb5 d6 7.
Bg5 a6 8. Na3 b5 9. Nd5 Be7 10.
Bxf6 Bxf6 11. c4 b4 12. Nc2 a5 13. g3 g6 14. Bg2 O-O 15. O-O Bg7 16. Qd3 Be6 17. Rad1 Qb8 18. b3 Rd8 19. f4 Nd4 20. Nxd4 Bxd5 21. Nb5 Bc6 22. Nxd6 Qb6+ 23. Kh1 Qc5 24. Rd2 Rd7 25. Rfd1 Rad8 0-1

[Event "*** Titled Tuesday Blitz"]
[Site "Chess.com"]
[Date "2019.02.05"]
[Round "8"]
[White "jsdbv18"]
[Black "Kostya_Nikologorskiy"]
[Result "0-1"]
[WhiteElo "2473"]
[BlackElo "2430"]
[TimeControl "180+2"]
[EndTime "14:55:55 PST"]
[Termination "Kostya_Nikologorskiy won by resignation"]

1. e4 c6 2. Nf3 d5 3. Nc3 d4 4. Ne2 e6 5. Nexd4 c5 6. Ne2 Nc6 7. Ng3 Nf6 8. Bc4 h5 9. d3 h4 10.
Ne2 h3 11. g3 Be7 12. O-O a6 13. a4 e5 14. Ng5 O-O 15. c3 Rb8 16. f4 Bg4 17.
Be3 b5 18. Ba2 c4 19. d4 exd4 20. cxd4 Nb4 21. Bb1 Re8 22. Qd2 Nd3 23. Bxd3 cxd3 24. Qxd3 bxa4 25. e5 Rb3 26. Nc3 Qa8 27. Rf2 g6 28.
exf6 Bxf6 29. Rxa4 Bf5 30. Qxa6 Qxa6 31. Rxa6 Bxg5 32. fxg5 Rxe3 33. Nd5 Re1+ 34. Rf1 Rxf1+ 35. Kxf1 Bd3+ 0-1

[Event "*** Titled Tuesday Blitz"]
[Site "Chess.com"]
[Date "2019.02.05"]
[Round "8"]
[White "MatthewG-p4p"]
[Black "Zhuu96"]
[Result "1-0"]
[WhiteElo "2703"]
[BlackElo "2845"]
[TimeControl "180+2"]
[EndTime "14:56:01 PST"]
[Termination "MatthewG-p4p won by resignation"]

1. c4 g6 2. Nc3 Bg7 3. g3 Nf6 4. Bg2 O-O 5. d3 c6 6. e3 d5 7. cxd5 cxd5 8. Nge2 e5 9. O-O Nc6 10. d4 e4 11. a3 h5 12. b4 h4 13. Bb2 Ne7 14.
Rc1 hxg3 15. hxg3 Bg4 16. Qb3 Bf3 17. Nf4 Qd7 18. Bxf3 exf3 19. Qd1 g5 20. Nd3 Qf5 21. Re1 Ng6 22. Nc5 g4 23. Qd3 Qh5 24. e4 dxe4 25.
N3xe4 Nd5 26. Qf1 Kh7 27. Nd7 Rh8 28. Rc5 Qh6 29. Rxd5 Kg8 30. Rh5 Qxh5 31. Ndf6+ Bxf6 32. Nxf6+ Kg7 33. Nxh5+ Rxh5 34. d5+ f6 35. Qc4 Rah8 36. Qc7+ Kg8 37. Qc8+ Kg7 38. Qd7+ Kg8 39. Re8+ Nf8 40. Qe6+ Kg7 41. Re7+ 1-0

[Event "*** Titled Tuesday Blitz"]
[Site "Chess.com"]
[Date "2019.02.05"]
[Round "8"]
[White "scaryninja"]
[Black "MFguimaraes"]
[Result "1-0"]
[WhiteElo "2414"]
[BlackElo "2275"]
[TimeControl "180+2"]
[EndTime "14:56:02 PST"]
[Termination "scaryninja won on time"]

1. e4 e5 2. Nf3 Nc6 3. Bc4 Nf6 4. d3 h6 5. O-O g5 6. d4 g4 7. Nxe5 d5 8. exd5 Nxd5 9. Re1 Be7 10. Nc3 Nxe5 11. Bxd5 Ng6 12. Qd3 c6 13. Bb3 Kf8 14. d5 Bd7 15. Be3 Bf6 16. dxc6 Bxc6 17. Qc4 Ne5 18.
Bc5+ Kg7 19. Rxe5 Qc7 20. Rf5 h5 21. Bd4 Bxd4 22. Rxf7+ 1-0

[Event "*** Titled Tuesday Blitz"]
[Site "Chess.com"]
[Date "2019.02.05"]
[Round "8"]
[White "Morshynska"]
[Black "salomez"]
[Result "0-1"]
[WhiteElo "2062"]
[BlackElo "2121"]
[TimeControl "180+2"]
[EndTime "14:56:10 PST"]
[Termination "salomez won on time"]

1. d4 Nf6 2. c4 g6 3. Nf3 Bg7 4. g3 O-O 5. Bg2 d5 6. O-O dxc4 7. Na3 Nc6 8. Nxc4 Be6 9. Nce5 Bd5 10. e3 Nxe5 11. Nxe5 Bxg2 12. Kxg2 c5 13. dxc5 Qc7 14.
f4 Qxc5 15. Qf3 b6 16. Rf2 Qb4 17. Nc6 Qd6 18. Rd2 Qc7 19. Rc2 Qb7 20. Bd2 Rac8 21.
Rac1 Rc7 22. Bb4 Re8 23. g4 e6 24. Bd6 Rd7 25. Be5 Qa6 26. a3 Qa4 0-1

[Event "*** Titled Tuesday Blitz"]
[Site "Chess.com"]
[Date "2019.02.05"]
[Round "8"]
[White "MateusViageiro"]
[Black "Romn69"]
[Result "1-0"]
[WhiteElo "2204"]
[BlackElo "2248"]
[TimeControl "180+2"]
[EndTime "14:56:15 PST"]
[Termination "MateusViageiro won by resignation"]

1. e4 c5 2. Nf3 Nc6 3. Bb5 g6 4.
O-O Bg7 5. Re1 e5 6. c3 Nge7 7.
d3 O-O 8. Nbd2 d6 9. h3 h6 10. Nf1 f5 11. Bc4+ Kh7 12. Ne3 f4 13. Nd5 Nxd5 14.
exd5 Ne7 15. d4 cxd4 16. cxd4 e4 17. Rxe4 g5 18. Qe2 Ng6 19. Bd3 Bf5 20. Re6 Bxe6 21. dxe6 Qf6 22. d5 h5 23. Nh2 Kh6 24. Bd2 Ne5 25. Bc3 Rae8 26. Bc2 f3 27. Qe4 Rh8 28. Bxe5 dxe5 29. Nxf3 g4 30. hxg4 hxg4 31. Qxg4 Bf8 32. Nxe5 Bd6 33. Nf7+ 1-0

[Event "*** Titled Tuesday Blitz"]
[Site "Chess.com"]
[Date "2019.02.05"]
[Round "8"]
[White "Kurai"]
[Black "mousavian_hamed"]
[Result "1/2-1/2"]
[WhiteElo "2485"]
[BlackElo "2529"]
[TimeControl "180+2"]
[EndTime "14:56:25 PST"]
[Termination "Game drawn by repetition"]

1. e4 c5 2. Nf3 Nc6 3. d4 cxd4 4. Nxd4 Nf6 5. Nc3 e5 6. Ndb5 d6 7. Bg5 a6 8. Na3 b5 9. Nd5 Be7 10. Bxf6 Bxf6 11. c4 b4 12. Nc2 a5 13. g3 Bg5 14.
Bg2 O-O 15. Qd3 f5 16. exf5 Bxf5 17. Be4 Bxe4 18. Qxe4 Rc8 19. O-O Ne7 20. Rad1 Kh8 21. Rd3 Nxd5 22. Rxd5 Qe7 23. Kg2 Qf7 24. b3 a4 25.
Rxd6 axb3 26. axb3 Ra8 27. h4 Be7 28. Rd5 Ra2 29.
Rxe5 Bd6 30. Rd5 Bxg3 31. Kxg3 Rxc2 32. Qxc2 Qf4+ 33. Kh3 Qf3+ 34. Kh2 Qf4+ 35. Kh3 Qf3+ 36. Kh2 Qf4+ 37. Kh3 Qf3+ 1/2-1/2

[Event "*** Titled Tuesday Blitz"]
[Site "Chess.com"]
[Date "2019.02.05"]
[Round "8"]
[White "Jbd735"]
[Black "Kawhi_Leonard2"]
[Result "1-0"]
[WhiteElo "2468"]
[BlackElo "2225"]
[TimeControl "180+2"]
[EndTime "14:56:25 PST"]
[Termination "Jbd735 won by resignation"]

1. d4 Nf6 2. Nf3 e6 3. Bf4 d5 4. c3 Bd6 5. Bg3 O-O 6. Nbd2 c5 7. e3 Nc6 8. Bb5 Be7 9. Bd3 Nh5 10. Qe2 g6 11.
O-O Nxg3 12. hxg3 b6 13. dxc5 Bxc5 14. e4 dxe4 15. Nxe4 Be7 16. Rad1 Qc7 17. Rfe1 Bb7 18. Qe3 Rfd8 19. Qh6 f6 20. Bc4 Rxd1 21. Bxe6+ Kh8 22. Rxd1 Rd8 23. Re1 Ne5 24. Neg5 Nxf3+ 25. Nxf3 Bc5 26. Qh4 Kg7 27. Bb3 Bxf3 28. gxf3 Rd2 29. Re8 Bxf2+ 30.
Kf1 Rd1+ 31. Bxd1 1-0

[Event "*** Titled Tuesday Blitz"]
[Site "Chess.com"]
[Date "2019.02.05"]
[Round "8"]
[White "Mikhail_Golubev"]
[Black "Blitzstream"]
[Result "1-0"]
[WhiteElo "2478"]
[BlackElo "2546"]
[TimeControl "180+2"]
[EndTime "14:56:28 PST"]
[Termination "Mikhail_Golubev won by resignation"]

1. e4 g6 2. d4 Bg7 3. c4 b6 4. Nc3 Bb7 5. f3 e6 6. Be3 Ne7 7. Qd2 h6 8. Nh3 d6 9. Nf2 Nd7 10. O-O-O a6 11. h4 c5 12. Kb1 Qc7 13. Be2 Nc6 14.
dxc5 dxc5 15. Ng4 h5 16. Bf4 Nde5 17. Ne3 Nd4 18. Nc2 O-O-O 19. Nxd4 cxd4 20. Na4 Qc6 21. Qb4 Nd7 22. c5 e5 23. cxb6 Kb8 24. Rc1 Qe6 25.
Bc4 Qe8 26. Qd6+ Ka8 27. Bd5 Rb8 28. Rc7 Qd8 29. Rxd7 1-0

[Event "*** Titled Tuesday Blitz"]
[Site "Chess.com"]
[Date "2019.02.05"]
[Round "8"]
[White "volcanoexplorer"]
[Black "jamengrand"]
[Result "1-0"]
[WhiteElo "2360"]
[BlackElo "2271"]
[TimeControl "180+2"]
[EndTime "14:56:28 PST"]
[Termination "volcanoexplorer won by resignation"]

1. e4 c5 2. Nf3 d6 3. d4 Nf6 4.
Nc3 cxd4 5. Nxd4 a6 6. h3 e6 7. g4 d5 8. Nde2 Nxe4 9. Nxe4 dxe4 10. Qxd8+ Kxd8 11. Bg2 f5 12. Be3 Nc6 13. O-O-O+ Ke8 14. gxf5 exf5 15. Nf4 g6 16. Nd5 Kf7 17. Nb6 Rb8 18. Bf4 Be6 19. Bxb8 Bh6+ 20. Kb1 Rxb8 21. Nd7 Rc8 22. Nc5 Bc4 23. Nxb7 Bf4 24. b3 Be6 25. Nd6+ Bxd6 26. Rxd6 a5 27. Rhd1 a4 28. Bf1 Nb4 29.
c4 axb3 30. axb3 Rb8 31. Kb2 f4 32. R1d4 Ke7 33. c5 Kf7 34. Rxe4 Bd5 35. Rxb4 1-0

[Event "*** Titled Tuesday Blitz"]
[Site "Chess.com"]
[Date "2019.02.05"]
[Round "8"]
[White "DoHoChess"]
[Black "NMJeevanK"]
[Result "0-1"]
[WhiteElo "2599"]
[BlackElo "2365"]
[TimeControl "180+2"]
[EndTime "14:56:30 PST"]
[Termination "NMJeevanK won by resignation"]

1. Nf3 d5 2. d4 Nf6 3. c4 e6 4. Nc3 c5 5. cxd5 exd5 6. g3 Nc6 7. Bg2 cxd4 8. Nxd4 Bc5 9. Nb3 Bb4 10.
O-O Bxc3 11. bxc3 O-O 12. Be3 Re8 13. Nd4 Ne4 14. Qb3 Nxd4 15. cxd4 b6 16. Rac1 Ba6 17.
Rfe1 Bc4 18. Qa3 b5 19. Bf4 Qb6 20. Rcd1 a5 21. f3 b4 22. Qb2 Nc3 23. e4 Nxd1 24. Rxd1 Rac8 25. Bh3 Rcd8 26. e5 a4 27. Bf5 a3 28.
Qb1 g6 29. Bc2 f5 30. g4 fxg4 31. Bg5 gxf3 32. Bf6 f2+ 33. Kxf2 Rf8 34. Kg1 Rxf6 35. exf6 Qxf6 36. Qxb4 Qg5+ 37. Kh1 Be2 38. Qxa3 Bxd1 39. Bxd1 Qd2 40. Bf3 Re8 41. Bxd5+ Kh8 42. Be4 Qe1+ 0-1

[Event "*** Titled Tuesday Blitz"]
[Site "Chess.com"]
[Date "2019.02.05"]
[Round "8"]
[White "Grischuk"]
[Black "Parhamov"]
[Result "1-0"]
[WhiteElo "3059"]
[BlackElo "2971"]
[TimeControl "180+2"]
[EndTime "14:56:33 PST"]
[Termination "Grischuk won by resignation"]

1. e4 c5 2. Nf3 Nc6 3. Bb5 e6 4. O-O Nge7 5. d4 cxd4 6. Nxd4 a6 7. Be2 Ng6 8. Be3 Be7 9. c4 O-O 10. Nc3 d6 11. Qd2 Bd7 12. Rfd1 Rc8 13. Rac1 Nxd4 14.
Bxd4 Qc7 15. Qe3 Qb8 16. Ba7 Qa8 17. Bb6 Bc6 18. f4 Rfe8 19. b4 Nf8 20. b5 Bd7 21. a4 Qb8 22. Ba7 Qc7 23. Bb6 Qb8 24. Rc2 Ng6 25. g3 Bd8 26. Rcd2 Bxb6 27. Qxb6 d5 28. bxa6 bxa6 29. Qxb8 Rxb8 30. cxd5 Rb3 31. dxe6 Bxe6 32. Nd5 Bxd5 33. exd5 a5 34. d6 Rd8 35. Bb5 Nf8 36. Rc1 g6 37. d7 Ne6 38. Rc8 Kf8 39. Rxd8+ Nxd8 40. Re2 1-0

[Event "*** Titled Tuesday Blitz"]
[Site "Chess.com"]
[Date "2019.02.05"]
[Round "8"]
[White "SuperCheese"]
[Black "idvidal"]
[Result "1-0"]
[WhiteElo "2580"]
[BlackElo "2460"]
[TimeControl "180+2"]
[EndTime "14:56:33 PST"]
[Termination "SuperCheese won on time"]

1. d4 Nf6 2. c4 e6 3. Nc3 Bb4 4. Qc2 O-O 5. Nf3 c5 6. dxc5 Na6 7. g3 Nxc5 8. Bg2 d5 9. O-O Bxc3 10. Qxc3 Nce4 11. Qd4 b6 12. Ne5 Bb7 13. Bf4 dxc4 14. Qxc4 Nd2 15. Bxd2 Bxg2 16. Rfd1 Bd5 17. Qf4 Re8 18.
f3 Qb8 19. Bc3 b5 20. e4 b4 21. Bd4 Bb7 22. Qh4 Rd8 23. Ng4 Nxg4 24. Qxg4 e5 25. Be3 Rxd1+ 26. Rxd1 Qe8 27. Bh6 g6 28. Qg5 Qe6 29.
Rd8+ 1-0

[Event "*** Titled Tuesday Blitz"]
[Site "Chess.com"]
[Date "2019.02.05"]
[Round "8"]
[White "TristanCalistri"]
[Black "Gentlejimmy7"]
[Result "0-1"]
[WhiteElo "2236"]
[BlackElo "2303"]
[TimeControl "180+2"]
[EndTime "14:56:38 PST"]
[Termination "Gentlejimmy7 won by resignation"]

1. e4 e5 2. Nf3 Nc6 3. Bc4 Bc5 4. c3 Nf6 5. d3 d6 6. Bb3 Bb6 7. Nbd2 Ne7 8. Nc4 Ng6 9. O-O c6 10. Nxb6 axb6 11. Re1 h6 12. d4 Qe7 13. Bc2 O-O 14.
h3 Re8 15. b3 b5 16. Kh2 Be6 17. Be3 Qc7 18. g3 Rad8 19. Qc1 h5 20. Bg5 Qe7 21.
Qb2 Bc8 22. Rad1 Qe6 23. Rd2 Qxh3+ 24. Kg1 Bg4 25. Bd1 Bxf3 26. Bxf3 h4 27. Bg2 Qg4 28. Bxf6 gxf6 29. Re3 hxg3 30. Rxg3 Qf4 31. Rdd3 exd4 32. Rdf3 dxc3 33. Qxc3 Qe5 34. Qd2 Kg7 35. Rf5 Qa1+ 36. Bf1 Rh8 37. Qf4 Rh1+ 38. Kxh1 Qxf1+ 0-1

[Event "*** Titled Tuesday Blitz"]
[Site "Chess.com"]
[Date "2019.02.05"]
[Round "8"]
[White "vovachesss"]
[Black "murmah2003"]
[Result "1-0"]
[WhiteElo "2592"]
[BlackElo "2645"]
[TimeControl "180+2"]
[EndTime "14:56:40 PST"]
[Termination "vovachesss won by resignation"]

1. d4 Nf6 2. Nf3 g6 3. Bg5 Bg7 4. Bxf6 Bxf6 5. e4 d6 6. c3 O-O 7.
Nbd2 e5 8. dxe5 dxe5 9. Bc4 Qe7 10. Qe2 c6 11. h4 h5 12. O-O-O Bg4 13. Nf1 b5 14.
Bd3 Bxh4 15. Ne3 Bg5 16. Kb1 Bxf3 17. gxf3 Nd7 18. Rdg1 Rab8 19. Nf5 Qd8 20. f4 exf4 21. Rxh5 f3 22. Qxf3 Ne5 23. Qh1 gxh5 24. Bc2 f6 25. f4 Ng4 26. Qxh5 Qe8 27. Qxg4 Rd8 28. fxg5 Kf7 29. Bb3+ 1-0

[Event "*** Titled Tuesday Blitz"]
[Site "Chess.com"]
[Date "2019.02.05"]
[Round "8"]
[White "Al_Shima"]
[Black "fm_magua"]
[Result "0-1"]
[WhiteElo "2525"]
[BlackElo "2412"]
[TimeControl "180+2"]
[EndTime "14:56:41 PST"]
[Termination "fm_magua won on time"]

1. b3 g6 2. Bb2 f6 3. h4 d6 4. h5 Bg7 5. d4 e5 6. d5 Nh6 7. e4 Nf7 8. hxg6 hxg6 9. Rxh8+ Bxh8 10. Nd2 Qe7 11. Bb5+ Bd7 12. Bxd7+ Nxd7 13. Qg4 f5 14. Qxg6 fxe4 15. Nxe4 O-O-O 16. Nf3 Kb8 17. O-O-O Nf6 18. Rh1 Nxe4 19. Qxe4 Ng5 20. Nxg5 Qxg5+ 21. Kb1 Bg7 22. Bc1 Qf6 23. Be3 a6 24. a4 Rc8 25.
Rh5 c6 26. dxc6 d5 27. Qb4 Qxc6 28. Qd2 d4 29. Bh6 Bh8 30. f3 Ka8 31. Qd3 Qe8 32.
g4 Rc3 33. Qf5 d3 34. cxd3 Rxb3+ 0-1

[Event "*** Titled Tuesday Blitz"]
[Site "Chess.com"]
[Date "2019.02.05"]
[Round "8"]
[White "nailbeshirli"]
[Black "Shukh_Nikolay"]
[Result "1-0"]
[WhiteElo "2679"]
[BlackElo "2406"]
[TimeControl "180+2"]
[EndTime "14:56:41 PST"]
[Termination "nailbeshirli won by resignation"]

1. Nf3 Nf6 2. g3 g6 3. Bg2 Bg7 4. O-O O-O 5. d4 d6 6. c4 c6 7. Nc3 Nbd7 8. Bf4 Re8 9. e4 Qc7 10. c5 Nh5 11. cxd6 exd6 12. Be3 Ndf6 13. Qc2 Qe7 14. Rae1 Ng4 15. Bg5 Qf8 16. h3 Nh6 17. Qb3 Kh8 18. g4 Nf6 19. Bxh6 Bxh6 20. g5 Nh5 21.
gxh6 Nf4 22. Ne2 Nxg2 23. Kxg2 Qxh6 24. Rh1 Rxe4 25. Qxf7 Be6 26. Qf6+ Kg8 27. Nc3 Rf8 28. Nxe4 Rxf6 29. Nxf6+ Kf7 30. d5 Bf5 31. Ne4 Qf4 32.
Neg5+ Kf8 33. Nxh7+ Kg8 34. Nhg5 cxd5 35. Re8+ Kg7 36.
Rhe1 Be4 37. R1xe4 dxe4 38. Ne6+ Kf7 39. Rf8+ Kxe6 40. Rxf4 exf3+ 41. Kxf3 1-0

[Event "*** Titled Tuesday Blitz"]
[Site "Chess.com"]
[Date "2019.02.05"]
[Round "8"]
[White "StephenDedalus83"]
[Black "Alopekos"]
[Result "1-0"]
[WhiteElo "2708"]
[BlackElo "2501"]
[TimeControl "180+2"]
[EndTime "14:56:42 PST"]
[Termination "StephenDedalus83 won by resignation"]

1. e4 e5 2. Nf3 Nc6 3. Bb5 a6 4. Ba4 Nf6 5. O-O b5 6. Bb3 Bc5 7. c3 d6 8. d3 O-O 9. Bg5 h6 10. Bh4 g5 11. Bg3 Bb6 12. Nbd2 Re8 13. Re1 Ne7 14.
Nf1 Ng6 15. Ne3 Nf4 16. a4 Rb8 17. axb5 axb5 18. Qc2 Ng4 19. h3 Nf6 20. Nd2 N6h5 21. Bh2 Qf6 22. Kh1 Be6 23. f3 c6 24. Ng4 Qg7 25. Nf1 Ra8 26. Bg1 Bxg1 27. Kxg1 Nf6 28. Nge3 d5 29. Ng3 dxe4 30. dxe4 Qg6 31. Ngf5 Kh7 32.
Kh2 Nd7 33. g3 Nh5 34. Ng4 Ng7 35. Ngxh6 Nc5 36. Bxe6 fxe6 37. Nxg7 Kxg7 38. Ng4 Rxa1 39. Rxa1 Re7 40. Qf2 Nd7 41. Ra7 Rf7 42. Rxd7 Rxd7 43. Nxe5 Qe8 44. Nxd7 Qxd7 45. Qd4+ 1-0

[Event "*** Titled Tuesday Blitz"]
[Site "Chess.com"]
[Date "2019.02.05"]
[Round "8"]
[White "MathiasWomacka"]
[Black "NikolasTheiss"]
[Result "1-0"]
[WhiteElo "2251"]
[BlackElo "2207"]
[TimeControl "180+2"]
[EndTime "14:56:45 PST"]
[Termination "MathiasWomacka won on time"]

1. e4 c5 2. Nf3 Nc6 3. d4 cxd4 4. Nxd4 Nf6 5. Nc3 e5 6. Ndb5 d6 7. Bg5 a6 8. Na3 b5 9. Nd5 Qa5+ 10. Bd2 Qd8 11.
Nxf6+ Qxf6 12. Bd3 Qg6 13. O-O Be7 14. c4 Nd4 15.
Kh1 O-O 16. f4 Bg4 17. Qe1 Qh5 18. f5 Bh4 19. Qe3 h6 20. g3 Bg5 21. Qf2 Bf3+ 22.
Kg1 bxc4 23. Nxc4 d5 24. Nxe5 dxe4 25. Qxd4 Bxd2 26. Bxe4 Rad8 27. Bxf3 Qg5 28. Qe4 Be3+ 29. Kh1 Rd4 30. Qb7 Qxf5 31. Nc6 Rd7 32. Ne7+ 1-0

[Event "*** Titled Tuesday Blitz"]
[Site "Chess.com"]
[Date "2019.02.05"]
[Round "8"]
[White "Lagravesamuell"]
[Black "MehdiHosseinipour"]
[Result "0-1"]
[WhiteElo "2483"]
[BlackElo "2529"]
[TimeControl "180+2"]
[EndTime "14:56:46 PST"]
[Termination "MehdiHosseinipour won by resignation"]

1. d4 Nf6 2. c4 e6 3. Nc3 Bb4 4.
e3 O-O 5. Ne2 Re8 6. a3 Bf8 7.
e4 d5 8. e5 Nfd7 9. cxd5 exd5 10. f4 c5 11. g3 Nc6 12. Bg2 cxd4 13. Nxd4 Bc5 14. Nb3 Ndxe5 15. fxe5 Rxe5+ 16. Ne2 Bg4 17. Bf1 Qe7 18. Bf4 Re4 19. Nxc5 Qxc5 20. Rc1 Qb5 21. Kf2 Rae8 22. Rc2 Qb6+ 23. Kg2 Nd4 24. Bc7 Qf6 25. Qxd4 Rxd4 26. Nxd4 Qxd4 27. Rf2 Qe4+ 28. Kg1 Bf3 0-1

[Event "*** Titled Tuesday Blitz"]
[Site "Chess.com"]
[Date "2019.02.05"]
[Round "8"]
[White "ElGasanov"]
[Black "champ2005"]
[Result "1-0"]
[WhiteElo "2723"]
[BlackElo "2598"]
[TimeControl "180+2"]
[EndTime "14:56:46 PST"]
[Termination "ElGasanov won by resignation"]

1. d4 Nf6 2. Bg5 d5 3. e3 c5 4. Bxf6 gxf6 5. dxc5 e6 6. c4 dxc4 7. Nd2 Bxc5 8. Bxc4 Nc6 9. Ngf3 O-O 10. O-O f5 11.
Rc1 Bb6 12. a3 Qf6 13. b4 Bd7 14. Be2 Rfd8 15. Nc4 Bc7 16. b5 Ne7 17. Qb3 Nd5 18. Rfd1 Rac8 19. a4 Bb8 20. g3 b6 21. Nd4 Kh8 22.
Bf3 Be8 23. a5 Bc7 24. Nxf5 bxa5 25. Nd4 Nb4 26. Bg2 Bb6 27. Nxb6 axb6 28. Bb7 Rxc1 29. Rxc1 e5 30. Nc6 Rd2 31. Rf1 Qd6 32. Rb1 Nd3 33.
Rf1 Nc5 34. Qc3 Nxb7 35. Nxe5 Rc2 36. Ng6+ 1-0

[Event "*** Titled Tuesday Blitz"]
[Site "Chess.com"]
[Date "2019.02.05"]
[Round "8"]
[White "Sashadav97"]
[Black "x-5963514717"]
[Result "1-0"]
[WhiteElo "2628"]
[BlackElo "2455"]
[TimeControl "180+2"]
[EndTime "14:56:48 PST"]
[Termination "Sashadav97 won by resignation"]

1. d4 Nf6 2. c4 g6 3. Nc3 d5 4. cxd5 Nxd5 5. e4 Nxc3 6. bxc3 Bg7 7. Nf3 c5 8. Bb5+ Bd7 9. Be2 O-O 10. O-O Nc6 11. Be3 e6 12. Qd2 Qa5 13. Rfd1 cxd4 14. cxd4 Qxd2 15. Rxd2 Rac8 16. h4 Rfd8 17. Bg5 f6 18.
Be3 Bf8 19. Rb1 Na5 20. e5 Be7 21. exf6 Bxf6 22. h5 Bc6 23. Ng5 Bd5 24. Bd3 Nc4 25. Bxc4 Rxc4 26. hxg6 hxg6 27. Kh2 b6 28. Kg3 Rc3 29.
Nf3 Bxf3 30. gxf3 Rd5 31. Kf4 Rc4 32. Ke4 Ra4 33. Rc1 Rda5 34. Rc8+ Kf7 35. Rc7+ Be7 36. Rb7 Ke8 37. Rc2 e5 38. Rc8+ Bd8 39. Bg5 Rxd4+ 40. Ke3 Ra3+ 41. Ke2 Rxa2+ 42. Kf1 Ra1+ 43. Kg2 Rad1 44.
Rh7 a5 45. Rh8+ Kf7 46. Bxd8 b5 47. Bxa5 e4 48. fxe4 Rxe4 49. Rhf8+ Ke6 50. Rce8+ Kd5 51. Rd8+ Kc4 52. Rxd1 1-0

[Event "*** Titled Tuesday Blitz"]
[Site "Chess.com"]
[Date "2019.02.05"]
[Round "8"]
[White "GMBenjaminBok"]
[Black "vugarrasulov"]
[Result "1-0"]
[WhiteElo "2870"]
[BlackElo "2847"]
[TimeControl "180+2"]
[EndTime "14:56:54 PST"]
[Termination "GMBenjaminBok won by resignation"]

1. Nf3 c5 2. c4 g6 3. Nc3 Bg7 4. g3 Nc6 5. Bg2 e6 6. d4 cxd4 7. Nb5 d5 8. cxd5 Qa5+ 9. Nd2 Qxb5 10. a4 Qa6 11. dxc6 bxc6 12. Ne4 Ne7 13. Nd6+ Kf8 14. O-O Rb8 15. b4 Be5 16. Bh6+ Kg8 17. b5 cxb5 18.
Nxb5 Nf5 19. Qc1 d3 20. Bf4 Bxa1 21. Qxa1 Rxb5 22. axb5 Qxa1 23. Rxa1 Kg7 24. exd3 Rd8 25. Rxa7 Rxd3 26. Be5+ Kh6 27. Rxf7 Bd7 28. h4 Bxb5 29. Bf4+ g5 30. hxg5+ Kg6 31. Rf6+ Kg7 32. Rxe6 Nd4 33. Be5+ Kf7 34. Rf6+ Ke7 35. Be4 Rd1+ 36. Kh2 Ne6 37.
Rh6 Nxg5 38. Bf6+ 1-0